 Dungeon Crawl Stone Soup version 0.28.0-43-g3370ac3207 (webtiles) character file.

Game seed: 8752908982411001738

11564 boopmooplesden the Severer (level 11, -1/151 HPs)
             Began as a Minotaur Berserker on Mar 19, 2022.
             Was a High Priest of Trog.
             Succumbed to an emperor scorpion's poison
             ... on level 11 of the Dungeon.
             The game lasted 00:11:17 (11003 turns).

boopmooplesden the Severer (Minotaur Berserker)    Turns: 11003, Time: 00:11:18

Health: -1/151     AC: 16    Str: 21    XL:     11   Next: 51%
Magic:  10/10      EV: 10    Int:  4    God:    Trog [*****.]
Gold:   822        SH:  0    Dex: 15    Spells: 10/10 levels left

rFire   . . .      SeeInvis +   p - +14 obsidian axe {vorpal, Mesm Drain Fly SInv}
rCold   + . .      Faith    .   (no shield)
rNeg    . . .      Spirit   .   A - +0 chain mail
rPois   .          Reflect  .   F - +0 hat
rElec   .          Harm     .   i - +2 cloak
rCorr   .          Rampage  .   (no gloves)
Will    .....                   n - +0 pair of boots
Stlth   ..........              h - amulet of Autotheism {Acrobat rC+ Slay+2 SInv}
HPRegen 0.35/turn               (no ring)
MPRegen 0.12/turn               (no ring)

@: berserking, lethally poisoned (-1 -> -31), flying, very quick
A: horns 2, retaliatory headbutt
a: Renounce Religion, Berserk, Trog's Hand, Brothers in Arms


You were on level 11 of the Dungeon.
You worshipped Trog.
Trog was extremely pleased with you.
You visited 1 branch of the dungeon, and saw 11 of its levels.

You collected 822 gold pieces.

Inventory:

Hand Weapons
 a - a +1 falchion
 p - the +14 obsidian axe (weapon) {vorpal, Mesm Drain Fly SInv}
   (You found it on level 2 of the Dungeon)

   It inflicts extra damage upon your enemies.
   It occasionally summons demons to assist the wielder when it strikes in
   combat.
   Its wielder is mesmerised by any visible foes.
   It cannot be unequipped while any foes are visible.
   SInv:      It lets you see invisible.
   Fly:       It grants you flight.
   Drain:     It drains your maximum health when unequipped.
Missiles
 b - 2 silver javelins
 k - 2 throwing nets (quivered)
 B - 14 silver boomerangs
Armour
 i - a +2 cloak (worn)
 n - a +0 pair of boots (worn)
 A - a +0 chain mail (worn)
 F - a +0 hat (worn)
Jewellery
 h - the amulet of Autotheism (around neck) {Acrobat rC+ Slay+2 SInv}
   (You found it on level 4 of the Dungeon)

   [amulet of the acrobat]

   It increases your evasion while moving and waiting.
   Slay:      It affects your accuracy & damage with ranged weapons and melee
   (+2).
   rC:        It protects you from cold.
   SInv:      It lets you see invisible.
 I - the ring of the Crushing Queen {rF+ rC+ rN+ Will-}
   (You found it on level 11 of the Dungeon)

   [ring of protection from fire]

   rF:        It protects you from fire.
   rC:        It protects you from cold.
   rN:        It protects you from negative energy.
   Will:      It decreases your willpower.
Wands
 r - a wand of acid (16)
 v - a wand of polymorph (38)
 J - a wand of mindburst (5)
Scrolls
 c - 4 scrolls of enchant weapon
 j - 2 scrolls of teleportation
 l - 2 scrolls of fog
 m - 8 scrolls of identify
 o - a scroll of summoning
 q - 4 scrolls of noise
 s - a scroll of vulnerability {unknown}
 t - a scroll of enchant armour
 y - a scroll of magic mapping {unknown}
 D - a scroll of fear
 E - a scroll of immolation {unknown}
Potions
 d - 2 potions of ambrosia {unknown}
 e - 2 potions of flight {unknown}
 f - a potion of might {unknown}
 g - 5 potions of curing {unknown}
 u - 2 potions of attraction {unknown}
 w - a potion of mutation {unknown}
 x - a potion of lignification {unknown}
 z - a potion of haste
 C - a potion of heal wounds {unknown}
 G - a potion of brilliance {unknown}
 H - a potion of resistance {unknown}
 K - a potion of magic {unknown}


   Skills:
 + Level 10.5 Fighting
 + Level 5.6 Long Blades
 + Level 15.0 Axes
 + Level 10.3 Armour
 + Level 5.0 Dodging
 + Level 2.1 Stealth


You had 10 spell levels left.
You didn't know any spells.
Your spell library was empty.

Dungeon Overview and Level Annotations

Branches:
Dungeon (11/15)            Temple (0/1) D:6            Lair (0/6) D:11
    Orc (0/2) D:11

Altars:
Cheibriados
Elyvilon
Nemelex Xobeh
Okawaru
Qazlal
Ru
Sif Muna
Uskayaw
Yredelemnul
The Shining One

Shops:
D:4 (

Portals:
Abyss: D:11

Annotations:
D:11 1 transporter


Innate Abilities, Weirdness & Mutations

You have a pair of horns on your head.
You reflexively headbutt those who attack you in melee.


Message History

You slash math4jedi's ghost!
* * * LOW HITPOINT WARNING * * *
You feel extremely sick.
The emperor scorpion stings you but does no damage.
The emperor scorpion barely misses you.
The emperor scorpion claws you but does no damage.
Math4jedi's ghost hits you.
* * * LOW HITPOINT WARNING * * *
x2 You slice the emperor scorpion!!
You feel the power of Trog in you as your rage grows.
You kill the emperor scorpion!
Trog accepts your kill. Trog grants you a weapon!
Something appears at your feet!
You see here a +0 vorpal battleaxe.
The emperor scorpion's shape twists and changes as it dies.
You slice math4jedi's ghost!!
You are no longer entranced.
You destroy math4jedi's ghost!
Trog accepts your kill.
Visions of slaying the rakshasa flood into your mind.
* * * LOW HITPOINT WARNING * * *
You feel extremely sick.
Your Axes skill increases to level 15!
Your Armour skill increases to level 10!
Your Dodging skill increases to level 5!
You slash the rakshasa! You headbutt the rakshasa!
The rakshasa is heavily wounded.
* * * LOW HITPOINT WARNING * * *
You feel very sick. The rakshasa closely misses you.
You slice the rakshasa!! Your headbutt misses the rakshasa.
The rakshasa is almost dead.
* * * LOW HITPOINT WARNING * * *
You feel very sick.
You slash the rakshasa!
You are no longer entranced.
You feel the power of Trog in you as your rage grows.
You kill the rakshasa!
Trog accepts your kill.
You die...

.....# #..##..^###.#.#. #....
.....# #..##..^#.##..#.##....
.....# #..)##)##.©#.^.##.....
.....# #....###..##...#......
.....# #.........#.#..#......
..(..# #........##.##.###...#
...<.# ##....##### .h... #...#
.....######....##.##..### #.##..#
...............#@)..# #.## #x#©.#
...............####..##..##x##..#
.[.........<......####....###...#
................................#
................................#
....................########...##
....................# #.....
....................# #.....
....................# #...<.


There were no monsters in sight!

Vanquished Creatures
  An emperor scorpion (shapeshifter) (D:11)
  The ghost of math4jedi the Hill Orc Cataclysm, a journeyman HOFi of Qazlal (D:11)
  Josephine (D:10)
  A rakshasa (D:11)
  Erolcha (D:10)
  A two-headed ogre (D:11)
  Urug (D:10)
  A kobold demonologist (D:11)
  Maggie (D:10)
  A komodo dragon (D:11)
  A queen bee (D:10)
  A hornet (D:7)
  Prince Ribbit (D:8)
  A troll (D:11)
  3 shadows
  4 wraiths (D:10)
  4 yaks (D:10)
  A water moccasin (D:9)
  3 acid dragons
  3 orc warriors
  A sky beast (D:8)
  2 black bears
  An ogre (D:6)
  2 centaurs
  2 kobold brigands (D:8)
  3 bullfrogs
  A gnoll sergeant (D:9)
  A scorpion (D:5)
  2 wyvern zombies
  10 killer bees (D:10)
  A howler monkey (D:5)
  5 centaur zombies
  A hound (D:6)
  A gnoll shaman (D:5)
  2 jellies
  2 bullfrog skeletons (D:5)
  7 orc priests
  An iguana (D:5)
  10 orc wizards
  A killer bee zombie (D:7)
  2 hound skeletons (D:4)
  A howler monkey zombie (D:11)
  11 gnolls
  13 adders (D:2)
  2 white imps (D:7)
  An ufetubus (D:4)
  2 adder skeletons (D:4)
  A worm (D:4)
  A dart slug (D:3)
  35 orcs
  7 ball pythons
  5 endoplasms
  2 giant cockroaches
  7 goblins
  6 hobgoblins
  4 jackals
  15 kobolds
  6 quokkas
  5 bats
  3 frilled lizards
  4 rats
221 creatures vanquished.

Vanquished Creatures (collateral kills)
  A water moccasin (D:4)
  A wyvern skeleton (D:5)
  A killer bee (D:10)
  2 orc priests (D:11)
  4 gnolls (D:4)
  6 orcs
  A jackal (D:4)
  A ball python (D:4)
17 creatures vanquished.

Vanquished Creatures (others)
  21 plants
21 creatures vanquished.

Grand Total: 259 creatures vanquished

Notes
Turn   | Place    | Note
-------+----------+-------------------------------------------
     0 | D:1      | boopmooplesden the Minotaur Berserker began the quest for
                  | the Orb.
     0 | D:1      | Reached XP level 1. HP: 19/19 MP: 0/0
   195 | D:1      | Found a faded altar of an unknown god.
   263 | D:1      | Reached XP level 2. HP: 20/27 MP: 1/1
  1164 | D:2      | Reached XP level 3. HP: 28/33 MP: 2/2
  1164 | D:2      | Reached ** piety under Trog
  1424 | D:2      | Reached XP level 4. HP: 38/40 MP: 3/3
  1483 | D:2      | Reached skill level 5 in Long Blades
  1838 | D:2      | Reached XP level 5. HP: 37/47 MP: 4/4
  2192 | D:2      | Found the +14 obsidian axe {vorpal, Mesm Drain Fly SInv}
  2593 | D:2      | Reached skill level 5 in Fighting
  2991 | D:3      | Found a snail-covered altar of Cheibriados.
  3350 | D:4      | Identified the amulet of Autotheism {Acrobat rC+ Slay+2
                  | SInv}
  3457 | D:4      | Noticed a black bear
  3461 | D:4      | Killed a black bear
  3462 | D:4      | Reached skill level 1 in Axes
  3462 | D:4      | Reached skill level 1 in Stealth
  3462 | D:4      | Reached XP level 6. HP: 56/56 MP: 5/5
  3474 | D:4      | Reached *** piety under Trog
  3502 | D:4      | Reached skill level 2 in Axes
  3544 | D:4      | Found Juit's Weapon Boutique.
  3546 | D:4      | Noticed a water moccasin
  3550 | D:4      | Killed a water moccasin
  3551 | D:4      | Reached skill level 3 in Axes
  3627 | D:4      | Reached XP level 7. HP: 62/62 MP: 6/6
  3857 | D:5      | Entered Level 5 of the Dungeon
  3861 | D:5      | Reached skill level 4 in Axes
  4013 | D:5      | Reached skill level 5 in Axes
  4163 | D:5      | Found an iron altar of Okawaru.
  4331 | D:5      | Found a hide-covered altar of Uskayaw.
  4417 | D:5      | Reached skill level 6 in Axes
  4417 | D:5      | Reached **** piety under Trog
  4610 | D:5      | You are sucked into a shaft and drop 2 floors!
  4618 | D:7      | Reached XP level 8. HP: 70/70 MP: 7/7
  4689 | D:7      | Reached skill level 7 in Axes
  4873 | D:7      | Noticed a hornet
  4883 | D:7      | Killed a hornet
  4884 | D:7      | Reached skill level 8 in Axes
  4884 | D:7      | Reached skill level 5 in Armour
  5056 | D:6      | Found a glowing golden altar of the Shining One.
  5067 | D:6      | Found a basalt altar of Yredelemnul.
  5071 | D:6      | Noticed an angel
  5078 | D:6      | Noticed a profane servitor
  5152 | D:6      | Reached skill level 9 in Axes
  5232 | D:6      | Found a staircase to the Ecumenical Temple.
  6235 | D:8      | Found a shimmering blue altar of Sif Muna.
  6316 | D:8      | Found a sparkling altar of Nemelex Xobeh.
  6403 | D:8      | Reached XP level 9. HP: 77/78 MP: 8/8
  6554 | D:8      | Reached skill level 10 in Axes
  6857 | D:8      | Noticed Prince Ribbit
  6861 | D:8      | Killed Prince Ribbit
  6861 | D:8      | Noticed a red devil
  7402 | D:9      | Found a sacrificial altar of Ru.
  7677 | D:9      | Reached ***** piety under Trog
  7678 | D:9      | Reached skill level 11 in Axes
  8200 | D:10     | Entered Level 10 of the Dungeon
  8298 | D:10     | Noticed Maggie
  8307 | D:10     | Killed Maggie
  8427 | D:10     | Found a stormy altar of Qazlal.
  8437 | D:10     | Found a white marble altar of Elyvilon.
  8649 | D:10     | Noticed Urug
  8654 | D:10     | Killed Urug
  8655 | D:10     | Reached skill level 12 in Axes
  8655 | D:10     | Reached XP level 10. HP: 88/88 MP: 9/9
  8914 | D:10     | Noticed Josephine
  8917 | D:10     | Noticed Erolcha
  8922 | D:10     | Killed Josephine
  8923 | D:10     | Reached skill level 13 in Axes
  8927 | D:10     | Killed Erolcha
  9252 | D:11     | Noticed a rakshasa
  9278 | D:11     | Identified the ring of the Crushing Queen {rF+ rC+ rN+
                  | Will-}
  9304 | D:11     | Found a staircase to the Lair.
  9326 | D:11     | Reached skill level 14 in Axes
  9585 | D:11     | Reached XP level 11. HP: 48/97 MP: 10/10
  9784 | D:11     | Found a transporter.
  9791 | D:11     | Found a transporter.
 10135 | D:11     | Found a staircase to the Orcish Mines.
 10147 | D:11     | Reached skill level 10 in Fighting
 10302 | D:11     | Found a stormy altar of Qazlal.
 10540 | D:11     | Noticed a two-headed ogre
 10547 | D:11     | Killed a two-headed ogre
 10715 | D:11     | Found a one-way gate to the infinite horrors of the Abyss.
 10715 | D:11     | Noticed math4jedi's ghost (journeyman HOFi)
 10722 | D:11     | Noticed an ettin
 10968 | D:11     | Noticed an entropy weaver
 10992 | D:11     | Noticed an emperor scorpion
 11000 | D:11     | Killed an emperor scorpion
 11000 | D:11     | Received a gift from Trog
 11000 | D:11     | Killed math4jedi's ghost
 11001 | D:11     | Reached skill level 15 in Axes
 11001 | D:11     | Reached skill level 10 in Armour
 11001 | D:11     | Reached skill level 5 in Dodging
 11002 | D:11     | HP: 4/151 [poisoned by an emperor scorpion]
 11003 | D:11     | Killed a rakshasa
 11003 | D:11     | Succumbed to an emperor scorpion's poison

Illustrated notes

Levels and vault maps discovered:
D:1:      minmay_arrival_stone_box, layout_loops_ring,
          shapermc_ecumenical_altar_hornbeckon
D:2:      layout_basic, minmay_misc_feat_nine_boxes, minmay_snake_closets
D:3:      layout_rooms, amcnicky_altar_gilded, nrook_mini_backslash
D:4:      layout_cave_pools, serial_shops, shop
D:5:      layout_loops_ring, okawaru_altar_gauntlet_db,
          mainiacjoe_overflow_surrounded_room
D:6:      nicolae_cairo_tiling_large_dashed, layout_basic,
          grunt_temple_overflow_holy_war, temple_fountains
D:7:      layout_cave_pools, hangedman_decor_push
D:8:      layout_basic, led_sif_book, mainiacjoe_overflow_small_starburst,
          minmay_unpleasant_kobolds, uniq_prince_ribbit1
D:9:      layout_cave_pods, mainiacjoe_overflow_paths
D:10:     layout_loops_ring, amethyst_overflow_temple_binary,
          nicolae_looking_at_the_future, uniq_maggie, uniq_urug, uniq_josephine,
          uniq_erolcha
D:11:     layout_long_grid, david_lair_shrubbed, hiddenorc2_lemuel,
          gammafunk_ghost_abyssal_escape, nicolae_qazlal_scattered_showers

Skill      XL: |  1  2  3  4  5  6  7  8  9 10 11 |
---------------+----------------------------------+-----
Fighting       | 4 5 6 8 9 10 | 10.5
Long Blades    | 4 5 |  5.6
Dodging        | 3 4 5 |  5.0
Axes           | 1 3 6 9 12 14 15 | 15.0
Armour         | 3 4 5 7 9 10 | 10.3
Stealth        | 1 2 |  2.1

Action                   |  1- 3 |  4- 6 |  7- 9 | 10-12 || total
-------------------------+-------+-------+-------+-------++-------
Melee: Falchion          |    63 |    53 |       |       ||   116
       Headbutt          |     6 |     8 |    17 |    17 ||    48
       Broad axe         |       |    32 |   133 |   114 ||   279
       Punch             |       |       |     1 |     1 ||     2
Invok: Berserk           |       |       |     1 |     3 ||     4
  Use: Scroll            |       |    10 |     1 |       ||    11
 Stab: Sleeping          |     1 |     2 |       |       ||     3
Armor: Animal skin       |    14 |    14 |       |       ||    28
       Scale mail        |       |    10 |    20 |       ||    30
       Chain mail        |       |       |    32 |    64 ||    96
Dodge: Dodged            |    46 |    61 |   105 |    61 ||   273
